 Dungeon Sprint DCSS version 0.03.2.1-42-g860841ac0a (webtiles) character file.

Game seed: 8169659311005592888, levelgen mode: deterministic

289218 esc the Merry Centaur (level 13, 50/137 HPs) Centaur Hunter. Began on Jan 25, 2021. Was an Initiate of Gozag Ym Sagoz. Escaped with the Orb! The game lasted 00:22:07 (4083 turns).

esc the Merry Centaur (Centaur Hunter)              Turns: 4083, Time: 00:22:07

Health: 50/137     AC: 25    Str: 16    XL:     13 ^: 14153
Magic:  13/13      EV:  8    Int:  7    God:    Gozag Ym Sagoz
Gold:   40         SH:  0    Dex: 14    Spells: 12/12 levels left

rFire    . . .     Vision   +   j - +8 storm bow {elec, penet}
rCold    . . .     Gourm    .   (also wielding the above weapon)
rNeg     . . .     Faith    .   g - +0 shadow dragon scales
rPois    +         Spirit   .   v - +2 helmet {+Vis}
rElec    .         Reflect  .   (no cloak)
rCorr    .         Harm     .   m - +0 pair of gloves
MR       ++...     Rnd*Rage +   (no barding) Stlth +.........NoTele +
                                q - necklace of Bloodlust {*Rage +Rage MR++ Int-3 Slay+6 Soulbond}
HPRegen  0.55/turn              b - ring of protection
MPRegen  0.23/turn              c - ring "Leuprer" {+Inv rPois Stlth-}

@: very quick
A: large, hooves 3, deformed body, speed 2, tough skin 3
0: Orb of Zot
a: Potion Petition, Call Merchant, Bribe Branch, Renounce Religion, Evoke
Berserk Rage, Evoke Invisibility


You escaped.
You worshipped Gozag Ym Sagoz.
Gozag Ym Sagoz was noncommittal.
You were hungry.

You visited 1 branch You collected 6236 gold pieces.
You spent 4576 gold pieces at shops.
You paid 1620 gold pieces to Gozag.

Inventory:

Weapons
 j - the +8 storm bow (weapon) {elec, penet}
   (You took it off a spriggan in the Dungeon)

   It charges the ammunition it shoots with electricity; occasionally upon a
   hit, such missiles may discharge and cause terrible harm.
   Ammo fired by it will pass through the targets it hits, potentially hitting
   all targets in its path until it reaches maximum range.
Armour
 g - +0 shadow dragon scales (worn)
 m - a +0 pair of gloves (worn)
 n - a +4 plate armour of fire resistance
 v - a +2 helmet of improved vision (worn)
Jewellery
 b - a ring of protection (left hand)
 c - the ring "Leuprer" (right hand) {+Inv rPois Stlth-}
   (You found it in the Dungeon)

   [ring of attention]

   It protects you from poison.
   It lets you turn invisible.
   It makes you less stealthy.
 l - the amulet of invisibility {+Inv}
   (You found it in the Dungeon)

   [amulet of nothing]

   It lets you turn invisible.
 q - the necklace of Bloodlust (around neck) {*Rage +Rage MR++ Int-3 Slay+6 Soulbond}
   (You bought it in a shop in the Dungeon)

   [amulet of rage]

   It affects your intelligence (-3).
   It affects your accuracy and damage with ranged weapons and melee attacks
   (+6).
   It affects your resistance to hostile enchantments.
   It lets you go berserk.
   It may make you go berserk in combat.
   When equipped, it binds to the wielder's soul until they gain enough
   experience to unwield again.
 y - an uncursed ring of ice
Wands
 o - a wand of iceblast (11)
 p - a wand of polymorph (14)
 u - a wand of ensnaring (3)
Scrolls
 a - 3 scrolls of blinking
 k - 3 scrolls of fear
 r - a scroll of fog
 t - a scroll of enchantment
 w - a scroll of vulnerability
 x - a scroll of summoning
Potions
 e - 8 potions of curing
 f - 5 potions of heal wounds
 h - 2 potions of magic
 i - a potion of berserk rage
 s - a potion of cancellation
 z - a potion of lignification
 A - 6 potions of haste
 B - a potion of agility
Comestibles
 d - 2 rations


   Skills:
 + Level 19.0 Fighting
 O Level 27 Bows
 + Level 15.1 Armour
 - Level 1.3 Dodging
 - Level 0.4 Stealth


You had 12 spell levels left.
You didn't know any spells.
Your spell library contained the following spells:

 Spells                   Type           Power        Failure   Level  Hunger
 Blink                    Tloc           N/A          88%         2    ###....
 Shroud of Golubria       Chrm/Tloc      0 (200)      88%         2    ###....
 Teleport Other           Hex/Tloc       0 (100)      98%         3    ####...
 Force Lance              Tloc/Air       0 (200)      100%        4    #####..
 Force Lasso              Tloc/Erth      0 (200)      100%        4    #####..
 Bolt of Magma            Fire/Erth      0 (200)      100%        5    ######.
 Iskenderun's Battlesphe  Chrm/Erth      0 (100)      100%        5    ######.
 Iron Shot                Erth           0 (200)      100%        6    #######
 Iskenderun's Icy Sphere  Ice            0 (200)      100%        7    #######
 Spellforged Servitor     Summ           0 (200)      100%        7    #######
 Passage of Golubria      Tloc           Unusable     N/A         4    N/A

Dungeon Overview and Level Annotations

Branches:
Dungeon (1/1)

Altars:
Cheibriados
Dithmenos
Elyvilon
Gozag Ym Sagoz
Hepliaklqana
Kikubaaqudgha
Makhleb
Nemelex Xobeh
Okawaru
Qazlal
Ru
Sif Muna
Trog
Uskayaw
Vehumet
Wu Jian
Xom
Yredelemnul
Zin
The Shining One
Beogh
Jiyva
Lugonu

Shops:
D [*(?[%(*?=*%!?!!:***:[(


Innate Abilities, Weirdness & Mutations

You have hooves in place of feet.
Armour fits poorly on your strangely shaped body.
You cover ground very quickly.
You have extremely tough skin. (AC +3)


Message History

You see here a cursed +2 battleaxe of chopping {(Curse: *Noise)}.
You are feeling hungry.
There is an open door here.
There is an open door here.
The blizzard demon gestures at you. The bolt of lightning hits you (16)!
There is an open door here.
The blizzard demon waves its arms in wide circles.
The air twists around and strikes you (5).
There is an open door, spattered with blood here.
You see here a +0 hunting sling.
There is an open door here.
The blizzard demon gestures at you.
The bolt of cold hits you but does no damage (0).
The blizzard demon waves its arms in wide circles.
The air twists around and strikes you (6).
You see here a scroll of random uselessness.
There is an open door here.
There is a staircase leading out of the dungeon here.
You have escaped!

##################
#@..P#.....#.....#
#PP..'.?..2'.#)..'
#PPPP#.....#.#...#
###############'##
#...♣........'.2.#
#......♣.....#...#
#.....♣..♣..######
##'####'######.)'.
#|.#....'.......#♣


There were no monsters in sight!

Vanquished Creatures
  A Tzitzimitl (D)
  the Enchantress (D)
  Agnes (D)
  2 ghost moths (D)
  5 spriggan berserkers (D)
  6 spriggan defenders (D)
  4 spriggan druids (D)
  3 moths of wrath (D)
  25 oklob plants (D)
  2 queen bees (D)
  10 hornets (D)
  4 demonic crawlers (D)
  3 wandering mushrooms (D)
  2 scorpions (D)
  3 burning bushes (D)
  4 killer bees (D)
  5 oklob saplings (D)
  2 worker ants (D)
  11 spriggans (D)
  A sewer rat (D)
  A rat (D)
  A ballistomycete spore (D)
  A fungus (D)
98 creatures vanquished.

Vanquished Creatures (others)
  2 ballistomycetes (D)
  A ballistomycete spore (D)
  2 bushes (D)
  A fungus (D)
6 creatures vanquished.

Grand Total: 104 creatures vanquished

Notes
Turn   | Place    | Note
-------+----------+-------------------------------------------
     0 | D        | esc the Centaur Hunter began the quest for the Orb.
     0 | D        | Reached XP level 1. HP: 17/17 MP: 1/1
     4 | D        | Reached skill level 7 in Bows
     4 | D        | Reached XP level 2. HP: 24/24 MP: 2/2
    17 | D        | Reached skill level 9 in Bows
    17 | D        | Reached XP level 3. HP: 29/29 MP: 3/3
    22 | D        | Found the amulet of invisibility {+Inv}
    30 | D        | Reached skill level 10 in Bows
   213 | D        | Found an opulent altar of Gozag.
   213 | D        | Found a hazy altar of Hepliaklqana.
   213 | D        | Found a burning altar of Makhleb.
   213 | D        | Found a roughly hewn altar of Beogh.
   213 | D        | Found a sparkling altar of Nemelex Xobeh.
   213 | D        | Found a snail-covered altar of Cheibriados.
   213 | D        | Found a sacrificial altar of Ru.
   213 | D        | Found a shimmering blue altar of Sif Muna.
   213 | D        | Found a shimmering altar of Xom.
   213 | D        | Found a basalt altar of Yredelemnul.
   214 | D        | Found a viscous altar of Jiyva.
   214 | D        | Found a bloodstained altar of Trog.
   214 | D        | Found an ornate altar of the Wu Jian Council.
   214 | D        | Noticed an oklob sapling priest
   469 | D        | Killed an oklob sapling priest
   469 | D        | Reached skill level 12 in Bows
   469 | D        | Reached XP level 4. HP: 36/36 MP: 4/4
   470 | D        | Found an iron altar of Okawaru.
   470 | D        | Found a shadowy altar of Dithmenos.
   470 | D        | Found a glowing silver altar of Zin.
   471 | D        | Found an ancient bone altar of Kikubaaqudgha.
   471 | D        | Found a hide-covered altar of Uskayaw.
   472 | D        | Found a stormy altar of Qazlal.
   472 | D        | Found a white marble altar of Elyvilon.
   472 | D        | Found a glowing golden altar of the Shining One.
   473 | D        | Became a worshipper of Gozag Ym Sagoz the Greedy
   474 | D        | Found a corrupted altar of Lugonu.
   474 | D        | Found a radiant altar of Vehumet.
   487 | D        | Reached skill level 13 in Bows
   487 | D        | Reached XP level 5. HP: 41/41 MP: 5/5
   496 | D        | Noticed a scorpion
   514 | D        | Reached skill level 14 in Bows
   518 | D        | Killed a scorpion
   518 | D        | Reached skill level 16 in Bows
   518 | D        | Reached XP level 6. HP: 31/48 MP: 6/6
   598 | D        | Found Coenwisa's Book Shop.
   598 | D        | Found Vomoydghuis's Distillery.
   606 | D        | Noticed a wandering mushroom
   607 | D        | Reached skill level 17 in Bows
   614 | D        | Killed a wandering mushroom
   614 | D        | Reached skill level 18 in Bows
   614 | D        | Reached XP level 7. HP: 55/55 MP: 7/7
   615 | D        | Noticed a wandering mushroom
   631 | D        | Reached skill level 19 in Bows
   641 | D        | Killed a wandering mushroom
   641 | D        | Reached skill level 20 in Bows
   659 | D        | Found Nacraff's Book Emporium.
   659 | D        | Found Xaiciy's Assorted Antiques.
   724 | D        | Noticed a queen bee
   744 | D        | Reached skill level 1 in Armour
   756 | D        | Killed a queen bee
   756 | D        | Reached XP level 8. HP: 22/66 MP: 8/8
   958 | D        | Noticed an oklob plant
   965 | D        | Killed an oklob plant
   965 | D        | Reached skill level 5 in Fighting
   965 | D        | Reached skill level 21 in Bows
  1002 | D        | Noticed an oklob plant
  1006 | D        | Killed an oklob plant
  1006 | D        | Reached skill level 5 in Armour
  1006 | D        | Reached XP level 9. HP: 55/79 MP: 9/9
  1089 | D        | Noticed a spriggan druid
  1095 | D        | Killed a spriggan druid
  1095 | D        | Reached skill level 22 in Bows
  1126 | D        | Noticed an oklob plant conjurer
  1130 | D        | Killed an oklob plant conjurer
  1314 | D        | Noticed an oklob plant
  1314 | D        | Noticed an oklob plant summoner
  1317 | D        | Killed an oklob plant
  1321 | D        | Killed an oklob plant summoner
  1322 | D        | Noticed an oklob plant shifter
  1325 | D        | Killed an oklob plant shifter
  1325 | D        | Reached skill level 10 in Fighting
  1325 | D        | Reached XP level 10. HP: 45/93 MP: 10/10
  1610 | D        | Bought the necklace of Bloodlust {*Rage +Rage MR++ Int-3
                  | Slay+6 Soulbond} for 1227 gold pieces
  1610 | D        | Found the necklace of Bloodlust {*Rage +Rage MR++ Int-3
                  | Slay+6 Soulbond}
  1650 | D        | Noticed a spriggan rider
  1663 | D        | Found Uriockuo's Weapon Shoppe.
  1663 | D        | Found Caklid's Antique Armour Emporium.
  1787 | D        | Found Puil's General Store.
  1787 | D        | Noticed Agnes
  1796 | D        | Killed Agnes
  1796 | D        | Reached skill level 23 in Bows
  1896 | D        | Found Dideujit's Assorted Antiques.
  1897 | D        | Noticed a spriggan berserker
  1900 | D        | Noticed a death yak
  2051 | D        | Noticed a spriggan rider
  2055 | D        | Killed a spriggan rider
  2220 | D        | Noticed a spriggan defender
  2222 | D        | Killed a spriggan defender
  2225 | D        | Bought a scroll of blinking for 105 gold pieces
  2228 | D        | Bought a scroll of blinking for 135 gold pieces
  2259 | D        | Killed a ghost moth
  2259 | D        | Reached skill level 24 in Bows
  2259 | D        | Reached XP level 11. HP: 105/105 MP: 0/11
  2286 | D        | Killed a spriggan berserker
  2286 | D        | Reached skill level 10 in Armour
  2432 | D        | Found Iroalieg's Armour Shoppe.
  2432 | D        | Found Cocav's Assorted Antiques.
  2432 | D        | Found Totur's Weapon Emporium.
  2515 | D        | Bought an uncursed ring of protection for 935 gold pieces
  2548 | D        | Noticed a spriggan rider
  2551 | D        | Killed a spriggan rider
  2635 | D        | Found Feusiw's Magic Scroll Emporium.
  2636 | D        | Found Siniro Hent's Distillery.
  2644 | D        | Bought a scroll of magic mapping for 38 gold pieces
  2652 | D        | Noticed a spriggan berserker
  2653 | D        | Identified the ring "Leuprer" {+Inv rPois Stlth-}
  2656 | D        | Killed a spriggan berserker
  2656 | D        | Reached skill level 25 in Bows
  2690 | D        | Identified the cursed amulet "Baheosenk" {-Vis Int+4,
                  | (Curse: *Drain)}
  2719 | D        | Found Qietas's Armour Shoppe.
  2719 | D        | Found Lelun's Food Boutique.
  2719 | D        | Found Laijen Pyoh's Magic Scroll Shop.
  2719 | D        | Found Fovur's Magic Scroll Emporium.
  2719 | D        | Found Ifiavun's Antique Weapon Shoppe.
  2720 | D        | Found Feku's Food Emporium.
  2720 | D        | Found Touf's Distillery.
  2720 | D        | Found Cuotusih's General Store.
  2744 | D        | Bought a scroll of fog for 22 gold pieces
  2744 | D        | Bought a potion of cancellation for 88 gold pieces
  2744 | D        | Bought 2 potions of heal wounds for 110 gold pieces
  2744 | D        | Bought a scroll of blinking for 82 gold pieces
  2744 | D        | Bought a scroll of enchantment for 82 gold pieces
  2751 | D        | Reached XP level 12. HP: 107/118 MP: 12/12
  2853 | D        | Reached skill level 15 in Fighting
  2998 | D        | Reached skill level 26 in Bows
  3018 | D        | Noticed a spriggan berserker
  3021 | D        | Killed a spriggan berserker
  3059 | D        | Noticed the Enchantress
  3085 | D        | Killed the Enchantress
  3085 | D        | Reached skill level 27 in Bows
  3176 | D        | Killed a ghost moth
  3176 | D        | Reached XP level 13. HP: 69/133 MP: 0/13
  3190 | D        | Bought a scroll of blinking for 97 gold pieces
  3190 | D        | Bought a scroll of fear for 45 gold pieces
  3190 | D        | Bought a scroll of enchantment for 97 gold pieces
  3191 | D        | Bought a +1 helmet of improved vision for 231 gold pieces
  3199 | D        | Bought a scroll labeled KUMAFU BIUXKAQ for 21 gold pieces
  3199 | D        | Bought a scroll labeled NUOSUPRYOF for 21 gold pieces
  3199 | D        | Bought a bubbling red potion for 18 gold pieces
  3199 | D        | Bought a blackened jade ring for 105 gold pieces
  3547 | D        | Bought a potion of curing for 42 gold pieces
  3547 | D        | Bought a potion of haste for 140 gold pieces
  3547 | D        | Bought a potion of curing for 42 gold pieces
  3547 | D        | Bought a potion of agility for 56 gold pieces
  3547 | D        | Bought a potion of heal wounds for 70 gold pieces
  3652 | D        | Bought a potion of curing for 39 gold pieces
  3652 | D        | Bought a potion of curing for 39 gold pieces
  3652 | D        | Bought a potion of curing for 39 gold pieces
  3652 | D        | Bought a potion of haste for 130 gold pieces
  3652 | D        | Bought 2 potions of haste for 260 gold pieces
  3652 | D        | Bought a potion of haste for 130 gold pieces
  3652 | D        | Bought a potion of haste for 130 gold pieces
  3868 | D        | Got the Orb of Zot
  3940 | D        | Noticed a Tzitzimitl
  3943 | D        | Killed a Tzitzimitl
  3943 | D        | Reached skill level 15 in Armour
  4083 | D        | Escaped with the Orb!

Levels and vault maps discovered:
D:        dungeon_sprint_fedhas [sprint_temple]

Skill      XL: |  1  2  3  4  5  6  7  8  9 10 11 12 13 |
---------------+----------------------------------------+-----
Bows           | 7 9 12 13 16 18 20 21 22 24 25 27 | 27.0
Armour         | 2 5 7 9 11 13 15 | 15.1
Fighting       | 4 7 10 12 14 17 19 | 19.0
Dodging        | |  1.3
Stealth        | |  0.4

Action                   |  1- 3 |  4- 6 |  7- 9 | 10-12 | 13-15 || total
-------------------------+-------+-------+-------+-------+-------++-------
 Fire: Shortbow          |    15 |    22 |    73 |    40 |       ||   150
       Longbow           |       |       |       |   103 |    27 ||   130
Invok: Potion Petition   |       |       |     1 |       |       ||     1
       Call Merchant     |       |       |     1 |       |     1 ||     2
  Use: Potion            |       |     1 |       |       |       ||     1
       Scroll            |       |       |       |     3 |     1 ||     4
  Eat: Ration            |       |       |       |     2 |       ||     2
Armor: Leather armour    |     1 |     1 |       |       |       ||     2
       Shadow dragon sca |       |       |     1 |    17 |     2 ||    20
Dodge: Dodged            |     2 |       |    12 |     1 |       ||    15
